 Dungeon Crawl Stone Soup version 0.31-a0-963-ga325b2283a (webtiles) character file.

Game seed: 10965466941543253188

105 Arzdou the Gusty (level 4, 0/24 HPs)
             Began as a Deep Elf Air Elementalist on Oct 25, 2023.
             Slain by an orc wizard
             ... wielding a +0 dagger
              (4 damage)
             ... on level 3 of the Dungeon.
             The game lasted 00:03:52 (2002 turns).

Arzdou the Gusty (Deep Elf Air Elementalist)        Turns: 2002, Time: 00:03:53

Health: 0/24       AC:  2    Str:  5    XL:     4   Next: 54%
Magic:  3/12       EV: 12    Int: 22    God:
Gold:   146        SH:  0    Dex: 15    Spells: 8/11 levels left

rFire   . . .        c - +0 dagger
rCold   . . .        (no shield)
rNeg    . . .        a - +0 robe
rPois   .            (no helmet)
rElec   .            (no cloak)
rCorr   .            (no gloves)
SInv    .            (no boots)
Will    .....        (no amulet)
Stlth   ++           (no ring)
HPRegen 0.24/turn    (no ring)
MPRegen 0.13/turn

%: no passive effects
@: very slightly contaminated
A: no striking features
a: no special abilities


You were on level 3 of the Dungeon.
You visited 1 branch of the dungeon, and saw 3 of its levels.

You collected 146 gold pieces.

Inventory:

Hand Weapons
 c - a +0 dagger (weapon)
Armour
 a - a +0 robe (worn)
Scrolls
 d - a scroll of enchant weapon {unknown}
 e - a scroll of poison {unknown}
 f - a scroll of fog {unknown}
 i - a scroll of teleportation {unknown}
 n - a scroll of noise {unknown}
 o - a scroll of silence {unknown}
 p - a scroll of fear {unknown}
 q - a scroll of identify {unknown}
 r - a scroll of blinking {unknown}
 s - a scroll of summoning {unknown}
Potions
 b - a potion of magic
 g - a potion of degeneration {unknown}
 h - a potion of mutation {unknown}
 j - a potion of curing {unknown}
 k - a potion of brilliance {unknown}
 l - a potion of attraction {unknown}
 m - a potion of enlightenment {unknown}


   Skills:
 - Level 2.5 Dodging
 - Level 2.6 Stealth
 - Level 4.1 Spellcasting
 - Level 1.2 Conjurations
 + Level 4.7 Air Magic


You had 8 spell levels left.
You knew the following spells:

 Your Spells              Type           Power      Damage    Failure   Level
a - Shock                 Conj/Air       68%        1d7       3%          1
b - Static Discharge      Conj/Air       34%        3-5/arc   4%          2

Your spell library contained the following spells:

 Spells                   Type           Power      Damage    Failure   Level
 Swiftness                Air            25%        N/A       4%          3
 Airstrike                Air            12%        2d(2-18)  16%         4


Dungeon Overview and Level Annotations

Branches:
Dungeon (3/15)

Altars:


Message History

As you close the door, it creaks loudly!
You see here an adder corpse.
You see here an adder corpse.
Aiming: Shock (safe; 3% risk of failure)
Press: ? - help, Q - select action, (/) - cycle Shift-Dir - straight line, f - orc wizard
Aim: an orc wizard, wielding a +0 dagger and wearing a +0 robe (64% to hit)
The zap hits the orc wizard.
The orc wizard is heavily wounded.
The zap hits the orc.
The orc is moderately wounded.
Aiming: Shock (safe; 3% risk of failure)
Press: ? - help, Q - select action, (/) - cycle Shift-Dir - straight line, f/p - orc wizard
Aim: an orc wizard, wielding a +0 dagger and wearing a +0 robe (heavily wounded, 64% to hit)
The zap misses the orc wizard.
The zap hits the orc.
You kill the orc!
Casting: Shock (safe; 3% risk of failure)
Confirm with . or Enter, or press ? or * to list all spells.
The orc wizard is struck by an arc of lightning.
The orc wizard is severely wounded.
You are struck by an arc of lightning.
The lightning grounds out.
The orc wizard points at you and mumbles some strange words.
The magic dart hits you!
Casting: Static Discharge (safe; 4% risk of failure)
Confirm with . or Enter, or press ? or * to list all spells.
You miscast Static Discharge.
You are very lightly contaminated with residual magic.
Nothing appears to happen.
The orc wizard hits you with a +0 dagger.
Unknown command.
Casting: Static Discharge (safe; 4% risk of failure)
Confirm with . or Enter, or press ? or * to list all spells.
You miscast Static Discharge.
Nothing appears to happen.
The orc wizard hits you with a +0 dagger.
* * * LOW HITPOINT WARNING * * *
Aiming: Shock (safe; 3% risk of failure)
Press: ? - help, Q - select action, (/) - cycle Shift-Dir - straight line, f/p - orc wizard
Aim: an orc wizard, wielding a +0 dagger and wearing a +0 robe (severely wounded, 64% to hit)
You miscast Shock.
Nothing appears to happen.
The orc wizard hits you with a +0 dagger.
You die...

#.............#..#...............
#.....#..#..#.#..##.##.##.....##.
#.##..##.#....#..##.##.##..##.##.
#.....##.#.............##..##.# .
#.#..................#.##..##.##.
#..#.................#.#.........
#..#.....#...........#.#....#..#.
#..##................#.#.........
...............†@o.).............
##.##.<.....####.##+##.#.##....#.
#.##.......####.................
#^####+#......#..#.............(
#.# #.#......#..#.#..#.##....##
#.# #.##.....#....#..#.......<#
#.# #.##...................#..#
#.####.##.....#.####....#...#..#
##.............#.........+......#


You could see an orc wizard.

Vanquished Creatures
  2 orc wizards
  An adder (D:3)
  2 worms (D:2)
  A dart slug (D:3)
  7 orcs
  3 ball pythons
  3 bats
  5 endoplasms
  3 goblins (D:1)
  2 hobgoblins (D:1)
  A quokka (D:1)
  A frilled lizard (D:1)
  A kobold (D:1)
32 creatures vanquished.

Notes
Turn   | Place    | Note
-------+----------+-------------------------------------------
     0 | D:1      | Arzdou the Deep Elf Air Elementalist began the quest for
                  | the Orb.
     0 | D:1      | Reached XP level 1. HP: 10/10 MP: 6/6
   380 | D:1      | Reached XP level 2. HP: 15/15 MP: 5/8
  1064 | D:2      | Learned a level 2 spell: Static Discharge
  1234 | D:2      | Reached XP level 3. HP: 6/19 MP: 4/10
  1570 | D:3      | Reached XP level 4. HP: 13/24 MP: 4/12
  2002 | D:3      | Slain by an orc wizard

Illustrated notes

Levels and vault maps discovered:
D:1:      kilobyte_arrival_exit_the_forest, layout_basic,
          chequers_serial_rivers_large_a
D:2:      layout_rooms
D:3:      layout_basic, slow_altar_1

Skill      XL: |  1  2  3 |
---------------+----------+-----
Spellcasting   | 4 |  4.1
Air Magic      | 4 |  4.7
Dodging        | |  2.5
Stealth        | |  2.6
Conjurations   | |  1.2

Action                     |  1- 3 |  4- 6 || total
---------------------------+-------+-------++-------
  Melee: Dagger            |     5 |       ||     5
   Cast: Shock             |    36 |    11 ||    47
         Static Discharge  |     3 |     3 ||     6
   Stab: Sleeping          |     1 |       ||     1
 Armour: Robe              |    18 |    12 ||    30
  Dodge: Dodged            |    19 |     3 ||    22

Table legend: (Time is in decaauts)
 A = Elapsed time spent in this place.
 B = Non-inter-level travel time spent in this place.
 C = Inter-level travel time spent in this place.
 D = Time resting spent in this place.
 E = Time spent auto-exploring this place.
 F = Levels seen in this place.
 G = Mean time per level.
                   A        B        C        D        E       F      G
               +--------+--------+--------+--------+--------+-----+--------+
         Total |   2016 |   1977 |     39 |    109 |   1584 |   3 |  672.0 |
       Dungeon |   2016 |   1977 |     39 |    109 |   1584 |   3 |  672.0 |
               +--------+--------+--------+--------+--------+-----+--------+

Top non-repeatable levels by time:
     D:1: 1002 daAuts
     D:2: 565 daAuts
     D:3: 447 daAuts
